 Dungeon Crawl Stone Soup version 0.20.1-1-g8b1a95d (webtiles) character file.

81 Devour the Skirmisher (level 4, 0/29 HPs)
             Began as a Gargoyle Fighter on Oct 4, 2017.
             Slain by Sigmund
             ... wielding a +0 scythe
              (2 damage)
             ... on level 2 of the Dungeon.
             The game lasted 00:02:28 (1240 turns).

Devour the Skirmisher (Gargoyle Fighter)            Turns: 1240, Time: 00:02:29

Health: 0/29       AC: 10    Str: 25    XL:     4   Next: 42%
Magic:  4/4        EV:  8    Int:  9    God:
Gold:   117        SH:  9    Dex:  9    Spells: 3/3 levels left

rFire    . . .     SeeInvis .   a - +0 flail
rCold    . . .     Gourm    .   c - +0 shield
rNeg     + . .     Faith    .   b - +0 scale mail
rPois    ∞         Spirit   .   (no helmet)
rElec    +         Reflect  .   (no cloak)
rCorr    .         Harm     .   (no gloves)
MR       .....                  (no boots)
Stlth    ..........             (no amulet)
Regen    0.1/turn               (no ring)
MPRegen  0.1/turn               (no ring)

@: mighty
A: negative energy resistance 1, electricity resistance, unbreathing,
petrification resistance, rot immunity, AC +3
a: no special abilities


You were on level 2 of the Dungeon.
You were not hungry.

You visited 1 branch of the dungeon, and saw 2 of its levels.

You collected 117 gold pieces.

Inventory:

Hand Weapons
 a - a +0 flail (weapon)
Armour
 b - a +0 scale mail (worn)
 c - a +0 shield (worn)
Scrolls
 h - a scroll of teleportation {unknown}
 l - a scroll of remove curse {unknown}
Potions
 d - a potion of might
 e - a potion of ambrosia {unknown}
 g - a potion of degeneration {unknown}
 i - a potion of brilliance {unknown}
 j - a potion of curing
 k - a potion of haste {unknown}
Comestibles
 f - 2 bread rations
 m - 2 fruits
 n - a royal jelly


   Skills:
 + Level 4.1 Fighting
 + Level 2.6 Maces & Flails
 + Level 3.7 Armour
 + Level 1.0 Dodging
 + Level 3.9 Shields


You had 3 spell levels left.
You didn't know any spells.

Dungeon Overview and Level Annotations

Branches:
Dungeon (2/15)

Altars:
Makhleb
Vehumet

Annotations:
D:2 Sigmund


Innate Abilities, Weirdness & Mutations

You are resistant to torment.
Your stone body is resilient. (AC +3)
You are immune to poison.
You resist negative energy. (rN+)
You are resistant to electric shocks. (rElec)
You can survive without breathing.
You are immune to petrification.
You are immune to rotting.


Message History

Sigmund whispers, "You'll know eternity soon."
Sorry, you're not good enough to have a special ability.
You feel very mighty all of a sudden. You block the giant cockroach's attack.
Sigmund barely misses you.
Your shield and scale mail prevent you from hitting the giant cockroach.
The giant cockroach is severely wounded.
The giant cockroach bites you but does no damage.
The giant cockroach barely misses you. You block Sigmund's attack.
You barely miss the giant cockroach.
The giant cockroach is severely wounded.
You block the giant cockroach's attack. The giant cockroach barely misses you.
You block Sigmund's attack.
You thump the giant cockroach!
You kill the giant cockroach!
Sigmund hits you with a scythe.
You see here a giant cockroach corpse.
You barely miss Sigmund. Sigmund hits you with a scythe!
* * * LOW HITPOINT WARNING * * *
You closely miss Sigmund. Sigmund hits you with a scythe.
You die...

#.##... #.#.#..
......@ ###########
##......
#.....†...#
#...#...
#.#######.# #.#....
#.# #.# #..##.. #.#
#####.#######.###..
#.#
#.@...............÷
#.#
#@###.........###..
#.# #.# #..########
#.. #.###.###..#
#.# #..........#
##.# #####.####.#
#... #.# #.# #..#
#.####.# #..#
#......# #..#


You could see Sigmund.

Vanquished Creatures
  Natasha (D:2)
  3 adders (D:2)
  A dart slug (D:1)
  2 leopard geckos (D:1)
  3 giant cockroaches
  5 goblins
  2 jackals (D:2)
  2 kobolds (D:1)
  6 bats
  3 frilled lizards (D:1)
  2 rats (D:2)
30 creatures vanquished.

Notes
Turn   | Place    | Note
-------+----------+-------------------------------------------
     0 | D:1      | Devour the Gargoyle Fighter began the quest for the Orb.
     0 | D:1      | Reached XP level 1. HP: 14/14 MP: 1/1
   164 | D:1      | Reached XP level 2. HP: 18/19 MP: 2/2
   640 | D:2      | Reached XP level 3. HP: 24/24 MP: 3/3
   836 | D:2      | Found a radiant altar of Vehumet.
   836 | D:2      | Noticed Natasha
   838 | D:2      | Found a burning altar of Makhleb.
   856 | D:2      | Killed Natasha
   856 | D:2      | Reached skill level 4 in Fighting
   856 | D:2      | Reached skill level 1 in Dodging
   856 | D:2      | Reached XP level 4. HP: 7/29 MP: 4/4
  1177 | D:2      | Noticed Sigmund
  1240 | D:2      | Slain by Sigmund

Skill      XL: |  1  2  3 |
---------------+----------+-----
Fighting       | 4 |  4.1
Dodging        | 1 |  1.0
Maces & Flails | |  2.6
Armour         | |  3.7
Shields        | |  3.9

Action                   |  1- 3 |  4- 6 || total
-------------------------+-------+-------++-------
Melee: Flail             |   104 |    34 ||   138
  Use: Scroll            |     1 |       ||     1
       Potion            |       |     2 ||     2
  Eat: Chunk             |       |     1 ||     1
Armor: Scale mail        |    82 |    30 ||   112
Dodge: Dodged            |    32 |    15 ||    47
Block: Shield            |    58 |    29 ||    87
